cohdb
Replays
Latest Replays
All Replays
Popular Replays
Top Player Replays
Match Explorer
How It Works
Community
CoH3 Stats
Reddit
Sign in to upload your games and track your stats! →
Sign in with Steam
Match 37911821
Unlisted
Match 37911821
Overview
Messages
Build Orders
End
Selects Australian Defense Battlegroup
Selects Australian Light Infantry Section
Australian Light Infantry Section
Royal Engineer Section
Australian Light Infantry Section
Construct Section Command Post
Construct Field Infirmary
Construct Platoon Command Post
Humber Armored Car
Infantry Section
Grenade Package
Infantry Section
Construct Company Command Post
Foot Guards Section
Selects 2-pounder Anti-tank Gun Team
Selects Vehicle Over Repair
2-pounder Anti-tank Gun Team
Crusader II Medium Tank
Foot Guards Section
SneaKerz
gb_gbg
Contrastus►
KoR
0
0
Comments
sign in to comment!
No comments posted yet!